 Dungeon Crawl Stone Soup version 0.29-a0-422-gafbd6decc1 (webtiles) character file.

Game seed: 12950850933863521260

149 xian the Conjurer (level 5, -4/38 HPs)
             Began as a Draconian Conjurer on May 19, 2022.
             Killed by divine providence
             ... invoked by an orc priest
              (9 damage)
             ... on level 3 of the Dungeon.
             The game lasted 00:05:50 (3073 turns).

xian the Conjurer (Draconian Conjurer)              Turns: 3073, Time: 00:05:51

Health: -4/38      AC:  8    Str:  9    XL:     5   Next: 9%
Magic:  1/9        EV: 12    Int: 27    God:
Gold:   159        SH:  0    Dex:  9    Spells: 7/10 levels left

rFire   . . .      SeeInvis .   e - +0 dagger
rCold   . . .      Faith    .   (no shield)
rNeg    . . .      Spirit   .   (body armour unavailable)
rPois   .          Reflect  .   (helmet restricted)
rElec   .          Harm     .   j - +2 cloak
rCorr   .          Rampage  .   (no gloves)
Will    .....                   (no boots)
Stlth   ++........              (no amulet)
HPRegen 0.12/turn               i - +6 ring of intelligence
MPRegen 0.11/turn               (no ring)

@: no status effects
A: AC +5, unfitting armour, cold-blooded
a: no special abilities


You were on level 3 of the Dungeon.
You visited 1 branch of the dungeon, and saw 3 of its levels.

You collected 159 gold pieces.

Inventory:

Hand Weapons
 e - a +0 dagger (weapon)
Armour
 j - a +2 cloak (worn)
Jewellery
 i - a +6 ring of intelligence (left hand)
Scrolls
 b - 2 scrolls of identify {unknown}
 c - a scroll of fear {unknown}
 d - 2 scrolls of silence {unknown}
 f - 2 scrolls of poison {unknown}
 g - a scroll of amnesia {unknown}
 l - a scroll of magic mapping {unknown}
 n - a scroll of teleportation {unknown}
 p - a scroll of fog {unknown}
 r - a scroll of noise {unknown}
Potions
 a - a potion of magic
 h - a potion of might {unknown}
 k - 3 potions of curing {unknown}
 m - a potion of attraction {unknown}
 o - a potion of invisibility {unknown}
 q - a potion of cancellation {unknown}


   Skills:
 + Level 0.1 Fighting
 + Level 2.2 Dodging
 + Level 2.7 Stealth
 + Level 0.1 Unarmed Combat
 + Level 3.2 Spellcasting
 + Level 5.0 Conjurations


You had 7 spell levels left.
You knew the following spells:

 Your Spells              Type           Power      Damage    Failure   Level
a - Magic Dart            Conj           100%       1d8       1%          1
b - Searing Ray           Conj           62%        2d6       1%          2

Your spell library contained the following spells:

 Spells                   Type           Power      Damage    Failure   Level
 Dazzling Flash           Conj/Hex       34%        N/A       10%         3
 Mephitic Cloud           Conj/Pois/Air  13%        N/A       13%         3
 Ignite Poison            Fire/Tmut/Pois 4%         N/A       26%         3
 Fulminant Prism          Conj/Hex       8%         3d7       30%         4
 Iskenderun's Mystic Bla  Conj/Tloc      17%        2d5       30%         4
 Freezing Cloud           Conj/Ice/Air   6%         6-21      77%         5


Dungeon Overview and Level Annotations

Branches:
Dungeon (3/15)

Altars:
Okawaru


Innate Abilities, Weirdness & Mutations

Your plain brown scales are hard. (AC +5)
You cannot fit into any form of body armour.
You are cold-blooded and may be slowed by cold attacks.


Message History

Your Spellcasting skill increases to level 3!
You can't see any susceptible monsters within range! (Use Z to cast anyway.)
You can't see any susceptible monsters within range! (Use Z to cast anyway.)
You can't see any susceptible monsters within range! (Use Z to cast anyway.)
You can't see any susceptible monsters within range! (Use Z to cast anyway.)
An orc priest comes into view. It is wielding a +0 hand axe.
The magic dart hits the orc priest.
The orc priest is moderately wounded.
The orc priest shouts!
You hear a shout! x2
An orc priest comes into view. It is wielding a +0 short sword.
The magic dart hits the orc priest.
The orc priest is heavily wounded.
The magic dart hits the orc priest.
The orc priest is severely wounded.
The magic dart hits the orc priest.
You kill the orc priest!
Your Conjurations skill increases to level 5!
You have reached level 5!
An orc priest is nearby!
The magic dart hits the orc priest.
The orc priest is lightly wounded.
An endoplasm comes into view.
The magic dart hits the orc priest.
The orc priest is heavily wounded.
An orc comes into view. It is wielding a +0 club.
The magic dart hits the orc priest.
The orc priest is heavily wounded.
You are too depleted to draw on your mana recklessly!
You are too depleted to draw on your mana recklessly!
The orc priest attacks as you move away!
The orc priest hits you with a +0 short sword.
The orc priest invokes the aid of Beogh against you.
Beogh smites you!
You see here an adder corpse.
The orc priest invokes the aid of Beogh against you.
Beogh smites you!
* * * LOW HITPOINT WARNING * * *
The orc priest calls down the wrath of Beogh upon you.
Beogh smites you!
You die...

#..............# #...
#................ ...
#..............## ...
##............## ##..
##...........####...
#...#######...##...
#.### #.#.##...
#####.##### #.#.###..
#.....@...# #.#......
#.........#####.o......
#.........o.Jo†o.......
#.........#######......
#.........# #......
########### #######


You could see an orc priest, an orc and an endoplasm.

Vanquished Creatures
  An orc priest (D:3)
  5 adders
  2 worms (D:2)
  A dart slug (D:1)
  2 ball pythons (D:1)
  5 endoplasms
  2 giant cockroaches
  6 goblins
  6 hobgoblins
  4 quokkas
  5 bats
  6 frilled lizards
  5 kobolds
  26 rats
76 creatures vanquished.

Notes
Turn   | Place    | Note
-------+----------+-------------------------------------------
     0 | D:1      | xian the Draconian Conjurer began the quest for the Orb.
     0 | D:1      | Reached XP level 1. HP: 14/14 MP: 3/3
   386 | D:1      | Reached XP level 2. HP: 20/20 MP: 1/5
  1391 | D:2      | Reached XP level 3. HP: 26/26 MP: 4/6
  2199 | D:2      | Found an iron altar of Okawaru.
  2326 | D:2      | Reached XP level 4. HP: 33/33 MP: 2/7
  2802 | D:3      | Learned a level 2 spell: Searing Ray
  3055 | D:3      | Reached skill level 5 in Conjurations
  3055 | D:3      | Reached XP level 5. HP: 38/38 MP: 2/9
  3073 | D:3      | Killed from afar by an orc priest

Illustrated notes

Levels and vault maps discovered:
D:1:      heliophobic_arrival_battle_scene, layout_loops_ring, minmay_3d_cube
D:2:      layout_loops_cross, basic_altar, minmay_door_square,
          corexii_corridor_pit, minmay_rat_hole
D:3:      layout_rooms, kennysheep_generic_room_10

Skill      XL: |  1  2  3  4 |
---------------+-------------+-----
Dodging        | 2 |  2.2
Stealth        | 2 |  2.7
Spellcasting   | 3 |  3.2
Conjurations   | 5 |  5.0
Fighting       | |  0.1
Unarmed Combat | |  0.1

Action                   |  1- 3 |  4- 6 || total
-------------------------+-------+-------++-------
Melee: Unarmed           |    19 |       ||    19
       Tailslap          |     6 |       ||     6
       Dagger            |    11 |       ||    11
 Cast: Magic Dart        |    91 |    39 ||   130
Armor: Skin              |    16 |       ||    16
Dodge: Dodged            |    49 |       ||    49

Table legend: (Time is in decaauts)
 A = Elapsed time spent in this place.
 B = Non-inter-level travel time spent in this place.
 C = Inter-level travel time spent in this place.
 D = Time resting spent in this place.
 E = Time spent auto-exploring this place.
 F = Levels seen in this place.
 G = Mean time per level.
                   A        B        C        D        E       F      G
               +--------+--------+--------+--------+--------+-----+--------+
         Total |   3071 |   3051 |     20 |     47 |   2576 |   3 | 1023.7 |
       Dungeon |   3071 |   3051 |     20 |     47 |   2576 |   3 | 1023.7 |
               +--------+--------+--------+--------+--------+-----+--------+

Top non-repeatable levels by time:
     D:1: 1344 daAuts
     D:2: 1219 daAuts
     D:3: 507 daAuts
